 Dungeon Crawl Stone Soup version 0.17.0 (webtiles) character file.

90023 Arexsocan the Severer (level 15, -14/204 HPs)
             Began as a Hill Orc Fighter on Nov 30, 2015.
             Was the Champion of Beogh.
             Shot with an arrow by a deep elf master archer (15 damage)
             ... on level 3 of the Elven Halls on Dec 2, 2015.
             The game lasted 05:33:03 (29194 turns).

Arexsocan the Severer (Hill Orc Fighter)           Turns: 29194, Time: 05:33:04

Health: -14/204    AC: 36    Str: 36    XL:     15   Next: 99%
Magic:  18/18      EV: 20    Int: 10    God:    Beogh [******]
Gold:   1803       SH: 18    Dex: 19    Spells: 0 memorised, 14 levels left

rFire  . . .     SeeInvis .     V - +2 broad axe (elec)
rCold  + . .     Clarity  .     C - +6 chain mail of the Seven Realms {rPois Str+3}
rNeg   . . .     SustAt   .     c - +0 shield
rPois  +         Gourm    .     s - +1 helmet
rElec  .         Spirit   .     X - +2 cloak
rCorr  +         Warding  .     h - +2 pair of gloves
rMut   .         Stasis   .     a - +1 pair of boots "Dostreff" {rC+ Str+2 Dex+2}
MR     ++...                    r - amulet of resist corrosion
Stlth  ..........               J - +3 ring of protection
                                z - ring of protection from magic

@: mighty, agile, berserking (expiring), very slightly contaminated, invisible,
very quick, very resistant to hostile enchantments, extremely unstealthy
A: walk on water, agile 1, blink, mutation resistance 1, spit poison 1, strong
1, subdued magic 1
a: Spit Poison, Blink, Smiting, Recall Orcish Followers, Give Item to Named
Follower, Renounce Religion


You were on level 3 of the Elven Halls.
You worshipped Beogh.
Beogh was exalted by your worship.
You were not hungry.

You visited 6 branches of the dungeon, and saw 26 of its levels.
You also visited: Ossuary.

You collected 2776 gold pieces.
You spent 973 gold pieces at shops.

Inventory:

Hand Weapons
 B - the +10 glaive of Benevolence {speed, rC+ Dex+4}
   (You found it on level 6 of the Lair of Beasts)

   Attacks with this weapon are significantly faster.
   It affects your dexterity (+4).
   It protects you from cold.
 M - a +2 hand axe of chopping
 V - a +2 broad axe of electrocution (weapon)
Missiles
 y - a javelin (quivered)
Armour
 a - the +1 pair of boots "Dostreff" (worn) {rC+ Str+2 Dex+2}
   (You found it on level 7 of the Lair of Beasts)

   It affects your strength (+2).
   It affects your dexterity (+2).
   It protects you from cold.
 c - a +0 shield (worn)
 h - a +2 pair of gloves (worn)
 s - a +1 helmet (worn)
 C - the +6 chain mail of the Seven Realms (worn) {rPois Str+3}
   (You found it on level 4 of the Lair of Beasts)

   It affects your strength (+3).
   It protects you from poison.
 X - a +2 cloak (worn)
Jewellery
 p - an uncursed ring of poison resistance
 r - an amulet of resist corrosion (around neck)
 z - a ring of protection from magic (left hand)
 J - a +3 ring of protection (right hand)
 K - an uncursed amulet of resist mutation
 Q - an uncursed ring of fire
 Z - an uncursed ring of protection from fire {unknown}
Wands
 b - a wand of cold (7)
 f - a wand of lightning (4)
 k - a wand of flame (21)
 l - a wand of disintegration (0)
 u - a wand of heal wounds (0)
 v - a wand of confusion (13)
 w - a wand of flame (26)
 x - a wand of draining (5)
 T - a wand of fire (4)
 U - a wand of enslavement (6)
 Y - a wand of cold (5)
Scrolls
 g - 7 scrolls of identify
 j - 4 scrolls of remove curse
 q - 9 scrolls of blinking
 t - 7 scrolls of recharging
 E - 11 scrolls of teleportation
 I - a scroll of fear
 L - 2 scrolls of fog
 S - 4 scrolls of magic mapping
Potions
 d - 3 potions of might
 i - 14 potions of curing
 m - 4 potions of agility
 A - a potion of cancellation
 D - a potion of flight
 O - a potion of beneficial mutation {unknown}
 W - 2 potions of invisibility
Comestibles
 e - 12 bread rations
 o - 15 meat rations
 G - a slice of pizza
 R - 4 royal jellies


   Skills:
 * Level 13.5 Fighting
 + Level 17.2 Axes
 + Level 4.7 Throwing
 * Level 12.3 Armour
 + Level 7.6 Dodging
 - Level 1.0 Stealth
 - Level 15.5 Shields
 + Level 4.0 Invocations
 * Level 5.1 Evocations


You had 14 spell levels left.
You didn't know any spells.

Dungeon Overview and Level Annotations

Branches:
Dungeon (9/15)             Temple (1/1) D:6            Lair (8/8) D:9
 Shoals (0/4) Lair:6        Snake (0/4) Lair:6        Slime (1/6) Lair:6
    Orc (4/4) D:9             Elf (3/3) Orc:3

Altars:
Ashenzari
Dithmenos
Fedhas
Kikubaaqudgha
Makhleb
Okawaru
Trog
Zin
Beogh
Jiyva

Shops:
D:8 (   Orc:4 ?==!!   Elf:1 %?:

Annotations:
D:4 Menkaure


Innate Abilities, Weirdness & Mutations

You can walk on water.
You are agile. (Dex +2)
You can translocate small distances at will.
You are somewhat resistant to further mutation.
You can spit weak poison.
Your muscles are strong. (Str +2)
Your spells are a little easier to cast, but a little less powerful.


Message History

The deep elf master archer shoots an arrow.
You block the arrow.
You slice the deep elf master archer!!
The deep elf master archer is heavily wounded.
The deep elf annihilator gestures wildly while chanting.
The deep elf annihilator blinks!
You strike the helpless deep elf master archer from behind!
You hit the deep elf master archer.
The deep elf master archer is heavily wounded.
The deep elf master archer shoots an arrow.
The arrow hits you!!!
* * * LOW HITPOINT WARNING * * *
The deep elf sorcerer gestures wildly while chanting.
You catch the helpless deep elf master archer completely off-guard!
You slash the deep elf master archer!
The deep elf master archer is severely wounded.
The smoke demon roars!
The deep elf master archer shoots an arrow.
The arrow hits you!
You die...

..# ##ooo# ##'#...##
.####oooo#######.....##
.##..oooo'....'...()).#
#####....######..(....#
###..# #....)..## ####
##<....#'## #e(..###.##
#)#### ##o###### #@#
##'##..# #e# ###o...#
#e# #....8.# #e#
###....# #3# ###..# #e#
#### #e# #e# #)#


You could see a deep elf master archer, 2 deep elf annihilators, 2 deep elf
death magi, 2 deep elf sorcerers and a smoke demon (wandering).

Vanquished Creatures
  A deep elf annihilator (Elf:3)
  A deep elf high priest (Elf:1)
  A great orb of eyes (Slime:1)
  Harold (Orc:1)
  4 dancing weapons (Elf:2)
  A death yak (Lair:5)
  3 ogre magi (Orc:4)
  9 deep elf knights
  A small abomination (Elf:1)
  10 deep elf summoners
  Pikel (D:9)
  5 deep elf conjurers
  2 elephants
  The ghost of DCMalleus the Chiller, a novice OpIE (Ossuary)
  5 black mambas
  3 spiny frogs
  A komodo dragon (Lair:3)
  A fire drake (Lair:5)
  8 two-headed ogres (Orc:4)
  12 deep elf priests
  7 slime creatures
  8 blink frogs
  A spriggan (Lair:3)
  13 deep elf magi
  A wyvern (D:9)
  7 yaks
  2 hippogriffs
  The ghost of Arexsocan the Ducker, an amateur TrWz (D:4)
  20 deep elf fighters
  5 wolves
  4 swamp worms (Lair:7)
  6 water moccasins
  Edmund (D:6)
  A warg (Orc:2)
  Duvessa (D:6)
  14 ogres
  7 orc priests
  10 porcupines
  3 sky beasts
  3 black bears
  2 orc warriors
  An ice beast (D:5)
  2 slaves (D:9)
  3 centaurs
  A necrophage (D:9)
  5 big kobolds
  6 crocodiles
  3 giant frogs
  Dowan (D:6)
  11 wights
  A scorpion (D:5)
  8 killer bees
  An electric eel (D:7)
  A crimson imp (D:9)
  A centaur skeleton (D:7)
  2 centaur zombies
  12 orc wizards
  Crazy Yiuf (D:3)
  A gnoll shaman (D:5)
  9 iguanas
  4 hounds
  2 human zombies (Ossuary)
  4 jellies (D:8)
  2 giant frog skeletons
  6 worker ants
  21 sheep
  A killer bee zombie (D:5)
  3 mummies (Ossuary)
  A hound skeleton (D:9)
  Robin (D:2)
  6 gnolls
  10 adders
  23 river rats
  3 shadow imps
  4 oozes
  2 adder zombies
  6 worms
  3 giant geckos
  38 orcs
  5 bats
  7 giant cockroaches
  17 goblins
  16 hobgoblins
  4 jackals
  42 kobolds
  4 quokkas
  3 ball pythons
  A giant gecko zombie (D:5)
  3 giant newts
  A goblin zombie (Ossuary)
  3 kobold zombies (Ossuary)
  An orc zombie (Ossuary)
  6 rats
  13 fungi
  20 plants
544 creatures vanquished.

Vanquished Creatures (collateral kills)
  2 deep elf blademasters (Elf:3)
  An acid blob (Lair:6)
  6 hydras
  A catoblepas (Lair:8)
  A small abomination (Elf:3)
  10 dancing weapons (Elf:2)
  A deep troll shaman (Lair:8)
  12 death yaks
  7 deep elf knights
  An orc knight (Orc:2)
  2 deep elf summoners
  3 deep elf conjurers
  An orc sorcerer (Orc:4)
  3 griffons (Lair:6)
  A lindwurm (Lair:8)
  A manticore (Lair:6)
  13 elephants
  The ghost of slAvIk159 the Covered, a novice MiFi (D:6)
  5 black mambas
  14 spiny frogs
  A gargoyle (D:9)
  12 komodo dragons
  2 fire drakes
  A queen bee (Lair:7)
  2 polar bears
  7 two-headed ogres (Orc:4)
  2 deep elf priests
  3 slime creatures
  27 blink frogs
  18 yaks
  10 deep elf fighters
  6 deep elf magi
  A warg (Orc:4)
  7 hippogriffs
  2 basilisks
  8 swamp worms (Lair:7)
  12 water moccasins
  5 porcupines
  8 wolves
  5 orc warriors
  A sky beast (D:6)
  2 black bears
  A phantom (D:6)
  A centaur (Lair:3)
  15 ogres
  8 giant frogs
  11 crocodiles
  A scorpion (Lair:4)
  11 killer bees (Lair:7)
  2 electric eels (D:7)
  2 crimson imps
  5 orc priests
  12 iguanas
  4 orc wizards
  11 sheep
  2 gnolls (D:5)
  An adder (D:6)
  45 river rats
  2 oozes (D:8)
  4 worms (Lair:7)
  20 orcs
  A jackal (D:7)
  A ball python (Lair:6)
  2 bushes
  A crawling corpse (Elf:3)
  17 fungi
  49 plants
457 creatures vanquished.

Vanquished Creatures (others)
  An orc warlord (Elf:3)
  An ogre mage (Orc:4)
  An orc high priest (Elf:3)
  A deep elf knight (Elf:2)
  4 orc knights
  35 orc warriors
  A deep elf priest (Elf:1)
  A slave (D:9)
  A sky beast (D:9)
  11 orc priests
  11 orc wizards
  An adder (D:7)
  A giant gecko (D:7)
  86 orcs
  4 jackals (D:9)
  3 kobolds (D:7)
  A quokka (D:4)
  A bush (Lair:8)
  10 fungi
  6 plants
181 creatures vanquished.

Grand Total: 1182 creatures vanquished

Notes
Turn   | Place    | Note
--------------------------------------------------------------
     0 | D:1      | Arexsocan the Hill Orc Fighter began the quest for the Orb.
     0 | D:1      | Reached XP level 1. HP: 19/19 MP: 1/1
    96 | D:1      | Reached XP level 2. HP: 18/27 MP: 2/2
   677 | D:1      | Reached XP level 3. HP: 31/33 MP: 3/3
   688 | D:1      | Reached skill level 4 in Armour
  1379 | D:2      | Noticed Robin
  1396 | D:2      | Reached XP level 4. HP: 33/40 MP: 4/4
  1416 | D:2      | Killed Robin
  1484 | D:2      | Found a faded altar to an unknown god.
  1561 | D:2      | Reached skill level 1 in Dodging
  1681 | D:2      | Found a blossoming altar of Fedhas.
  1682 | D:2      | Found a bloodstained altar of Trog.
  1741 | D:4      | Became a worshipper of Beogh the Brigand
  1745 | D:4      | Reached XP level 5. HP: 20/46 MP: 5/5
  2336 | D:3      | Reached XP level 6. HP: 53/53 MP: 6/6
  2478 | D:3      | Noticed Crazy Yiuf
  2486 | D:3      | Killed Crazy Yiuf
  2538 | D:3      | Reached skill level 5 in Armour
  2616 | D:3      | Reached * piety under Beogh
  2707 | D:3      | Noticed a big kobold
  2709 | D:3      | Noticed a big kobold
  2716 | D:3      | Noticed a big kobold
  2742 | D:3      | Killed a big kobold
  3069 | D:3      | Killed a big kobold
  3069 | D:3      | Reached XP level 7. HP: 50/60 MP: 7/7
  3092 | D:3      | Killed a big kobold
  3092 | D:3      | Reached skill level 5 in Fighting
  3092 | D:3      | Reached skill level 5 in Shields
  3487 | D:3      | Reached ** piety under Beogh
  3640 | D:3      | Noticed a big kobold
  3651 | D:3      | Killed a big kobold
  3651 | D:3      | Reached skill level 5 in Axes
  4058 | D:4      | Noticed Arexsocan's ghost (amateur TrWz)
  4074 | D:4      | Killed Arexsocan's ghost
  4074 | D:4      | Reached skill level 1 in Throwing
  4132 | D:4      | Reached skill level 6 in Armour
  4358 | D:4      | Noticed Menkaure
  4380 | D:4      | HP: 2/61 [Menkaure/nerve-wracking pain (10)]
  4879 | D:5      | Entered Level 5 of the Dungeon
  4892 | D:5      | Reached XP level 8. HP: 68/68 MP: 8/8
  5327 | D:5      | Found a sand-covered staircase.
  5332 | Ossuary  | Entered an ossuary
  5400 | Ossuary  | Noticed DCMalleus's ghost (novice OpIE)
  5423 | Ossuary  | Killed DCMalleus's ghost
  5750 | Ossuary  | Reached skill level 7 in Shields
  5927 | D:5      | Found an ancient bone altar of Kikubaaqudgha.
  5968 | D:5      | Reached XP level 9. HP: 69/75 MP: 9/9
  5988 | D:5      | Reached *** piety under Beogh
  6303 | D:6      | Noticed Duvessa
  6304 | D:6      | Noticed Dowan
  6320 | D:6      | Killed Duvessa
  6338 | D:6      | Killed Dowan
  6599 | D:6      | Reached skill level 8 in Shields
  6670 | D:6      | Reached skill level 1 in Stealth
  6782 | D:6      | Found a staircase to the Ecumenical Temple.
  6782 | D:6      | Noticed Edmund
  6802 | D:6      | Killed Edmund
  6837 | Temple   | Entered the Ecumenical Temple
  6927 | Temple   | Gained mutation: Your spells are a little easier to cast, but a little less powerful. [potion of mutation]
  6927 | Temple   | Gained mutation: You can spit weak poison. [potion of mutation]
  6927 | Temple   | Gained mutation: You can translocate small distances at will. [potion of mutation]
  7151 | D:6      | Gained mutation: You are somewhat resistant to further mutation. [mutagenic meat]
  7152 | D:6      | Gained mutation: Your muscles are strong. (Str +2) [mutagenic meat]
  7153 | D:6      | Gained mutation: You are agile. (Dex +2) [mutagenic meat]
  7154 | D:6      | Gained mutation: You are very agile. (Dex +4) [mutagenic meat]
  7155 | D:6      | Lost mutation: You are very agile. (Dex +4) [mutagenic meat]
  7196 | D:6      | Reached skill level 1 in Invocations
  7235 | D:6      | Noticed slAvIk159's ghost (novice MiFi)
  7248 | D:6      | Killed slAvIk159's ghost
  7890 | D:7      | Reached **** piety under Beogh
  8203 | D:7      | Reached skill level 9 in Shields
  8203 | D:7      | Reached XP level 10. HP: 32/84 MP: 11/11
  9255 | D:8      | Found Noesoruu's Antique Weapon Shoppe.
  9964 | D:9      | Found a staircase to the Orcish Mines.
 10119 | D:9      | Found a staircase to the Lair.
 10120 | D:9      | Noticed an elephant
 10145 | D:9      | Killed an elephant
 10158 | D:9      | Reached skill level 10 in Shields
 10329 | D:9      | Noticed Pikel
 10370 | D:9      | Killed Pikel
 10519 | D:9      | Reached ***** piety under Beogh
 10620 | D:9      | Reached XP level 11. HP: 81/93 MP: 13/13
 10980 | Orc:1    | Entered Level 1 of the Orcish Mines
 11353 | Orc:2    | Noticed an orc knight
 11377 | Orc:2    | Killed an orc knight
 11377 | Orc:2    | Reached skill level 5 in Dodging
 11861 | Lair:1   | Entered Level 1 of the Lair of Beasts
 11989 | Lair:1   | Reached skill level 10 in Axes
 12005 | Lair:1   | Gained Rocco as an ally
 12005 | Lair:1   | Reached skill level 11 in Shields
 12277 | Lair:1   | Gained Harm as an ally
 12372 | Lair:1   | Your ally Harm died
 14105 | Lair:2   | Reached ****** piety under Beogh
 14893 | Lair:3   | Reached skill level 12 in Shields
 14893 | Lair:3   | Reached XP level 12. HP: 100/103 MP: 14/14
 15640 | Lair:4   | Noticed a four-headed hydra
 15656 | Lair:4   | Killed a 13-headed hydra
 15940 | Lair:4   | Got a distressingly furry chain mail
 15951 | Lair:4   | Identified the +6 chain mail of the Seven Realms {rPois Str+3} (You found it on level 4 of the Lair of Beasts)
 16036 | Lair:4   | Got an ancient mace
 16037 | Lair:4   | Identified the +5 mace of Zodakowi {crush, MR+ Str+3} (You found it on level 4 of the Lair of Beasts)
 16717 | Lair:5   | Noticed a death yak
 16721 | Lair:5   | Noticed a death yak
 16721 | Lair:5   | Noticed a death yak
 16724 | Lair:5   | Killed a death yak
 16735 | Lair:5   | Killed a death yak
 16736 | Lair:5   | Killed a death yak
 16844 | Lair:5   | Gained Wargrak as an ally
 16998 | Lair:5   | Reached skill level 13 in Axes
 17073 | Lair:5   | Noticed an eight-headed hydra
 17081 | Lair:5   | Killed a ten-headed hydra
 17567 | Lair:6   | Found a staircase to the Shoals.
 17580 | Lair:6   | Reached XP level 13. HP: 88/111 MP: 15/15
 17586 | Lair:6   | Found a viscous altar of Jiyva.
 17603 | Lair:6   | Found a staircase to the Slime Pits.
 17696 | Lair:6   | Noticed a seven-headed hydra
 17707 | Lair:6   | Killed an 11-headed hydra
 17786 | Lair:6   | Got a crystal glaive
 17792 | Lair:6   | Identified the +10 glaive of Benevolence {speed, rC+ Dex+4} (You found it on level 6 of the Lair of Beasts)
 17910 | Lair:6   | Found a staircase to the Snake Pit.
 18451 | Lair:7   | Reached skill level 10 in Armour
 18511 | Lair:7   | Reached skill level 14 in Axes
 19193 | Lair:7   | Got a pair of spiked boots
 19199 | Lair:7   | Identified the +1 pair of boots "Dostreff" {rC+ Str+2 Dex+2} (You found it on level 7 of the Lair of Beasts)
 19402 | Lair:8   | Entered Level 8 of the Lair of Beasts
 19417 | Lair:8   | Noticed a death yak
 19426 | Lair:8   | Killed a death yak
 19470 | Lair:8   | Reached skill level 10 in Fighting
 19550 | Lair:8   | Reached XP level 14. HP: 110/121 MP: 16/16
 19589 | Lair:8   | Gained Zartorak as an ally
 20196 | Lair:8   | Reached skill level 15 in Shields
 20787 | Lair:8   | Reached skill level 1 in Evocations
 21135 | Slime:1  | Entered Level 1 of the Pits of Slime
 21141 | Slime:1  | Reached skill level 15 in Axes
 21152 | Slime:1  | Noticed an acid blob
 21176 | Lair:6   | Killed an acid blob
 22101 | Slime:1  | Noticed an acid blob
 22568 | Orc:3    | Found a bloodstained altar of Trog.
 22659 | Orc:4    | Entered Level 4 of the Orcish Mines
 22789 | Orc:4    | Found Tilodghe's Distillery.
 22822 | Orc:4    | Bought a potion of invisibility for 96 gold pieces
 22873 | Orc:4    | Found Gaxih's Jewellery Boutique.
 22873 | Orc:4    | Found Faisyph's Distillery.
 22877 | Orc:4    | Found Qeask's Jewellery Boutique.
 22877 | Orc:4    | Found Fabbotin's Magic Scroll Shoppe.
 22914 | Orc:4    | Gained Warbeogh as an ally
 22914 | Orc:4    | Gained Arbolt as an ally
 22941 | Orc:4    | Gained Borgoth as an ally
 22987 | Orc:4    | Bought a scroll of identify for 26 gold pieces
 22987 | Orc:4    | Bought a scroll of identify for 26 gold pieces
 22987 | Orc:4    | Bought a scroll of magic mapping for 45 gold pieces
 22987 | Orc:4    | Bought a scroll of identify for 26 gold pieces
 22988 | Orc:4    | Bought an uncursed ring of poison resistance for 340 gold pieces
 22989 | Orc:4    | Bought a potion of curing for 42 gold pieces
 22989 | Orc:4    | Bought a potion of curing for 42 gold pieces
 23048 | Orc:4    | Found a roughly hewn altar of Beogh.
 23625 | Orc:1    | Found a burning altar of Makhleb.
 23642 | Orc:1    | Noticed Harold
 23654 | Orc:1    | Killed Harold
 23989 | Orc:3    | Your ally Arbolt died
 23994 | Orc:3    | Gained Wargrak as an ally
 23995 | Orc:3    | Found a staircase to the Elven Halls.
 24094 | Orc:3    | Gained Bogrim as an ally
 24381 | Elf:1    | Entered Level 1 of the Elven Halls
 24401 | Elf:1    | Found Ruleb's Food Boutique.
 24748 | Elf:1    | Reached skill level 16 in Axes
 24924 | Elf:1    | Your ally Borgoth died
 24935 | Elf:1    | Gained Urtork as an ally
 24980 | Elf:1    | Bought a bread ration for 55 gold pieces
 24980 | Elf:1    | Bought a meat ration for 55 gold pieces
 24980 | Elf:1    | Bought a bread ration for 55 gold pieces
 24980 | Elf:1    | Bought a bread ration for 55 gold pieces
 24980 | Elf:1    | Bought a bread ration for 55 gold pieces
 24980 | Elf:1    | Bought a bread ration for 55 gold pieces
 25077 | Elf:1    | Your ally Urtork died
 25113 | Elf:1    | Reached XP level 15. HP: 130/132 MP: 17/17
 25144 | Elf:1    | Found Hibar's Book Shop.
 25174 | Elf:1    | Found Okhal's Magic Scroll Shop.
 26505 | Elf:2    | Identified a scroll of acquirement
 26675 | Elf:2    | Gained Berold as an ally
 26733 | Elf:2    | Found a runed gate.
 26733 | Elf:2    | Found a runed gate.
 26733 | Elf:2    | Found a runed gate.
 27292 | Elf:2    | Your ally Berold died
 27404 | Elf:2    | Your ally Bogrim died
 27762 | Elf:2    | Your ally Wargrak died
 28384 | Elf:3    | Entered Level 3 of the Elven Halls
 28563 | Elf:3    | Reached skill level 17 in Axes
 28759 | Elf:3    | Your ally Warbeogh died
 28845 | Elf:3    | Reached skill level 5 in Evocations
 28870 | Elf:3    | Gained Bogward as an ally
 29102 | Elf:3    | Noticed a deep elf blademaster
 29102 | Elf:3    | Noticed an Executioner
 29103 | Elf:3    | Noticed a deep elf sorcerer
 29104 | Elf:3    | Noticed a deep elf sorcerer
 29104 | Elf:3    | Noticed a deep elf blademaster
 29108 | Elf:3    | Noticed an Executioner
 29109 | Elf:3    | Noticed a deep elf sorcerer
 29116 | Elf:3    | Noticed a deep elf master archer
 29120 | Elf:3    | Your ally Zartorak died
 29135 | Elf:3    | Killed a deep elf blademaster
 29138 | Elf:3    | Your ally Bogward died
 29157 | Elf:3    | Killed a deep elf blademaster
 29159 | Elf:3    | Your ally Rocco died
 29193 | Elf:3    | HP: 1/204 [deep elf master archer/arrow (36)]
 29194 | Elf:3    | Shot with an arrow by a deep elf master archer

Action                   |  1- 3 |  4- 6 |  7- 9 | 10-12 | 13-15 || total
-------------------------+-------+-------+-------+-------+-------++-------
Melee: War axe           |   128 |   265 |   505 |   114 |   351 ||  1363
       Hand axe          |       |       |       |   780 |   454 ||  1234
       Mace              |       |       |       |    13 |       ||    13
       Broad axe         |       |       |       |       |   292 ||   292
Throw: Javelin           |     1 |     7 |       |    21 |    32 ||    61
       Stone             |       |       |    18 |    23 |       ||    41
       Tomahawk          |       |       |       |       |     3 ||     3
Invok: Convert to Beogh  |       |     1 |       |       |       ||     1
       Give Item to Name |       |       |       |     1 |     1 ||     2
       Recall Orcish Fol |       |       |       |       |     2 ||     2
       Stop Recall       |       |       |       |       |     1 ||     1
       Smiting           |       |       |       |       |     5 ||     5
 Abil: Spit Poison       |       |       |       |     1 |       ||     1
Evoke: Wand              |       |       |     2 |       |    23 ||    25
  Use: Potion            |       |     1 |    16 |     2 |     9 ||    28
       Scroll            |       |       |    16 |    13 |     7 ||    36
 Stab: Distracted        |       |       |     1 |     5 |    10 ||    16
       Confused          |       |       |       |     1 |       ||     1
       Petrifying        |       |       |       |       |     1 ||     1
       Petrified         |       |       |       |       |     1 ||     1
       Invisible         |       |       |       |       |     2 ||     2
  Eat: Chunk             |     1 |     7 |    12 |    15 |    14 ||    49
       Fruit             |       |       |     5 |       |     2 ||     7
       Royal jelly       |       |       |     1 |     7 |     8 ||    16
       Meat ration       |       |       |     1 |       |     1 ||     2
       Beef jerky        |       |       |       |     1 |     1 ||     2
       Pizza             |       |       |       |       |     1 ||     1
